cohdb
Replays
Latest Replays
All Replays
Popular Replays
Top Player Replays
Match Explorer
How It Works
Community
CoH3 Stats
Reddit
Sign in to upload your games and track your stats! →
Sign in with Steam
Match 42739554
Unlisted
Match 42739554
Overview
Messages
Build Orders
End
Construct Barracks
Riflemen Squad
Riflemen Squad
Riflemen Squad
Infantry Support Center
Grenade Package
M1 Mortar Team
Construct Motor Pool
Selects Advanced Infantry Battlegroup
Selects Convert to Ranger Squad
Selects Frontline Medical Station
Convert to Ranger Squad
M1918 Browning Automatic Rifles
Frontline Medical Station
M1 Anti-tank Gun Team
Engineer Squad
Selects Infantry Assault
Convert to Ranger Squad
.30 cal Machine Gun
admiral_gnar
TheLastSurv1v0r
Wellington
Larry
Victor
hogarthw
0
0
Comments
sign in to comment!
No comments posted yet!